[Event "1st Spring Festival Weekend 2021"]
[Site "Bassano del Grappa"]
[Date "2021.03.13"]
[Round "3.2"]
[White "Shetty, Atulya"]
[Black "Plat, Vojtech"]
[Result "1/2-1/2"]
[ECO "A26"]
[WhiteElo "2447"]
[BlackElo "2555"]
[Annotator "ChessBase"]
[PlyCount "85"]
[EventDate "2021.03.12"]
[EventType "swiss"]
[EventCountry "ITA"]
[SourceTitle "playchess.com"]
[Source "ChessBase"]
[SourceQuality "1"]
[TimeControl "5400+30"]

1. c4 g6 2. g3 Bg7 3. Bg2 e5 4. Nc3 Ne7 5. d3 Nbc6 6. h4 h6 7. e4 d6 8. h5 g5 9. f4 exf4 10. gxf4 gxf4 11. Bxf4 Nd4 12. Qd2 Bg4 13. Nce2 Nec6 14. O-O-O Qd7 15. Rf1 a5 16. Nxd4 Nxd4 17. Nf3 Bxf3 18. Bxf3 a4 19. Qg2 Ne6 20. Bg4 a3 21. b3 Bd4 22. Bxh6 O-O-O 23. Bd2 Kb8 24. h6 Qc6 25. Bxe6 fxe6 26. h7 b5 27. Bg5 bxc4 28. dxc4 Rde8 29. Rf7 Be5 30. Qf3 Qc5 31. Be3 Bd4 32. Bd2 Be5 33. Qe3 Qc6 34. Qd3 Kb7 35. Kc2 Rd8 36. Bc3 Bxc3 37. Kxc3 Rd7 38. Rxd7 Qxd7 39. c5 Qg7+ 40. Qd4 Qg2 41. Kb4 Qxh1 42. Qxh8 Qe1+ 43. Kxa3 1/2-1/2

[Event "1st Spring Festival Weekend 2021"]
[Site "Bassano del Grappa"]
[Date "2021.03.13"]
[Round "3.3"]
[White "Checa, Nicolas"]
[Black "Lumachi, Gabriele"]
[Result "1-0"]
[ECO "D35"]
[WhiteElo "2546"]
[BlackElo "2316"]
[Annotator "RC"]
[PlyCount "73"]
[EventDate "2021.03.12"]
[EventType "swiss"]
[EventCountry "ITA"]
[SourceTitle "playchess.com"]
[Source "ChessBase"]
[SourceQuality "1"]
[TimeControl "5400+30"]

1. c4 e6 2. Nc3 d5 3. d4 Nf6 4. cxd5 exd5 5. Bg5 c6 6. e3 h6 7. Bh4 Be7 8. Bd3 O-O 9. Nge2 Re8 10. O-O Nbd7 11. f3 b5 12. Bf2 b4 13. Na4 c5 14. dxc5 Nxc5 15. Nxc5 Bxc5 16. Nd4 Bd7 17. Rc1 Qb6 18. Qd2 Re7 19. Bh4 Rae8 20. Bxf6 gxf6 21. Kh1 Rxe3 22. Bf5 Ba4 23. Bc2 Bxc2 24. Nxc2 Re2 25. Qxd5 Rd8 26. Qf5 Rdd2 27. Nd4 Rxg2 28. Rg1 Rg5 29. Rxg5+ hxg5 30. Nb3 Be3 31. Nxd2 Bxd2 32. Rc8+ Kg7 33. Qc5 Qe6 34. Qf8+ Kg6 35. Qg8+ Kf5 36. Re8 Qc6 37. Re4 1-0

[Event "1st Spring Festival Weekend 2021"]
[Site "Bassano del Grappa"]
[Date "2021.03.13"]
[Round "3.5"]
[White "Basso, Pier Luigi"]
[Black "Yu, Jennifer"]
[Result "1-0"]
[ECO "D10"]
[WhiteElo "2521"]
[BlackElo "2275"]
[Annotator "ChessBase"]
[PlyCount "89"]
[EventDate "2021.03.12"]
[EventType "swiss"]
[EventCountry "ITA"]
[SourceTitle "playchess.com"]
[Source "ChessBase"]
[SourceQuality "1"]
[TimeControl "5400+30"]

1. d4 d5 2. c4 c6 3. cxd5 cxd5 4. Bf4 Nc6 5. e3 Bf5 6. Nc3 e6 7. Bb5 Rc8 8. Nf3 Bd6 9. Bxc6+ bxc6 10. Bxd6 Qxd6 11. O-O Ne7 12. Na4 Rb8 13. Rc1 O-O 14. Nh4 Rfc8 15. b3 e5 16. Nxf5 Nxf5 17. dxe5 Qxe5 18. Nc5 Qe7 19. Qg4 Nd6 20. Rc2 f5 21. Qf4 g5 22. Qg3 Rb4 23. Rfc1 Re8 24. h3 Rh4 25. Nd3 Ne4 26. Qf3 g4 27. Qxf5 Nd6 28. Qf4 gxh3 29. Qf3 hxg2 30. Rxc6 Kh8 31. Kxg2 Ne4 32. R1c2 Qg7+ 33. Kf1 Rg8 34. Ke2 Rh2 35. Rc8 Ng3+ 36. Ke1 Rh1+ 37. Kd2 Ne4+ 38. Ke2 Rh2 39. Rxg8+ Qxg8 40. Qf4 Rh5 41. Ne5 Qe8 42. Nf7+ Kg7 43. Qg4+ Kf8 44. Qxh5 Qb5+ 45. Kf3 1-0

[Event "1st Spring Festival Weekend 2021"]
[Site "Bassano del Grappa"]
[Date "2021.03.13"]
[Round "3.6"]
[White "Martin Duque, Jesus"]
[Black "Bardone, Lorenzo"]
[Result "1-0"]
[ECO "B44"]
[WhiteElo "2454"]
[BlackElo "2174"]
[Annotator "ChessBase"]
[PlyCount "135"]
[EventDate "2021.03.12"]
[EventType "swiss"]
[EventCountry "ITA"]
[SourceTitle "playchess.com"]
[Source "ChessBase"]
[SourceQuality "1"]
[TimeControl "5400+30"]

1. e4 c5 2. Nf3 e6 3. d4 cxd4 4. Nxd4 Nc6 5. Bf4 d6 6. Nxc6 bxc6 7. c4 e5 8. Be3 f5 9. exf5 Bxf5 10. Nc3 Nf6 11. Bd3 Be6 12. Qa4 Qd7 13. O-O Be7 14. Ne4 O-O 15. Ng5 Bg4 16. h3 Bh5 17. Qc2 h6 18. Bf5 Qb7 19. Ne6 Rfb8 20. b3 Bf7 21. Qc1 Bf8 22. Nxf8 Kxf8 23. Re1 a5 24. c5 d5 25. Bxh6 Ng8 26. Bg5 Re8 27. Qc3 Qb4 28. Qg3 Qxc5 29. Bd7 d4 30. Rac1 Qd6 31. Bxc6 Bd5 32. Bxa8 Bxa8 33. Qg4 Bb7 34. Qf5+ Nf6 35. Bxf6 gxf6 36. Red1 Re7 37. f3 Rg7 38. Kh1 Rg5 39. Qc2 Qd7 40. Kh2 Rg7 41. Qf2 Qd6 42. Kh1 f5 43. Qh4 Kg8 44. Qh5 e4 45. Qxf5 exf3 46. Rc8+ Bxc8 47. Qxc8+ Kf7 48. Qf5+ Qf6 49. Qxf3 Qxf3 50. gxf3 a4 51. Rxd4 axb3 52. axb3 Rg3 53. Rf4+ Ke6 54. Kh2 Rg8 55. b4 Ke5 56. Rg4 Rc8 57. Kg3 Rc3 58. h4 Kf5 59. Rg5+ Kf6 60. Rc5 Rb3 61. b5 Kg6 62. Kg4 Kg7 63. f4 Rb1 64. Kf5 Rh1 65. Rc7+ Kh6 66. b6 Rb1 67. b7 Rb6 68. Rc6+ 1-0

[Event "1st Spring Festival Weekend 2021"]
[Site "Bassano del Grappa"]
[Date "2021.03.13"]
[Round "3.7"]
[White "Pasin, Mattia"]
[Black "Gallana, Marco"]
[Result "0-1"]
[ECO "D92"]
[WhiteElo "1973"]
[BlackElo "2232"]
[Annotator "NA"]
[PlyCount "46"]
[EventDate "2021.03.12"]
[EventType "swiss"]
[EventCountry "ITA"]
[SourceTitle "playchess.com"]
[Source "ChessBase"]
[SourceQuality "1"]
[TimeControl "5400+30"]

1. d4 Nf6 2. c4 g6 3. Nc3 d5 4. Bf4 Bg7 5. Nf3 O-O 6. Rc1 Be6 7. Ng5 c5 8. Nxe6 fxe6 9. e3 Nc6 10. Be5 (10. dxc5 $11 Ne4 11. cxd5 Bxc3+ 12. bxc3 exd5 13. Be2) 10... cxd4 11. Bxd4 {[%emt 0:05:57] [#]} (11. exd4 $17 {was forced.} Ne4 12. Nxe4 dxe4 13. Bxg7 Kxg7 14. d5 Qa5+ 15. Qd2 Qxd2+ 16. Kxd2) 11... e5 $1 12. Bc5 (12. cxd5 $142 exd4 13. dxc6 dxc3 14. Bc4+ Kh8 15. Qxd8 Raxd8 16. Rxc3) 12... d4 13. Nd5 $2 (13. Ba3) 13... Ne4 {[%emt 0:00:36] Double Attack} 14. b4 $19 Nxf2 15. Qd2 b6 16. b5 bxc5 17. bxc6 Nxh1 18. exd4 e6 19. g3 exd5 20. cxd5 Rxf1+ 21. Kxf1 Qxd5 22. Rxc5 Rf8+ 23. Kg1 Qf3 0-1

[Event "1st Spring Festival Weekend 2021"]
[Site "Bassano del Grappa"]
[Date "2021.03.13"]
[Round "3.8"]
[White "Ghiotto, Marco Luigi"]
[Black "Brotto, Alessandro"]
[Result "1/2-1/2"]
[ECO "C68"]
[WhiteElo "2167"]
[BlackElo "1970"]
[Annotator "NA"]
[PlyCount "116"]
[EventDate "2021.03.12"]
[EventType "swiss"]
[EventCountry "ITA"]
[SourceTitle "playchess.com"]
[Source "ChessBase"]
[SourceQuality "1"]
[TimeControl "5400+30"]

1. e4 e5 2. Nf3 Nc6 3. Bb5 a6 4. Bxc6 dxc6 5. O-O Bg4 6. d3 Qf6 7. Be3 Bxf3 8. Qxf3 Qxf3 9. gxf3 Nf6 10. Nc3 O-O-O 11. Ne2 Nh5 12. Kh1 Bd6 13. Rg1 g6 14. Rad1 $15 Rd7 15. Ng3 Ng7 16. Bg5 f6 17. Bxf6 Rf8 18. Bxg7 Rxg7 19. f4 exf4 20. Nf5 Rgf7 21. Nxd6+ cxd6 22. f3 Re8 23. Rg5 Re5 24. Rdg1 Rfe7 25. R1g4 Kd7 26. Kg2 Rxg5 27. Rxg5 Re5 28. h4 Re6 29. h5 Re5 30. Rxe5 dxe5 31. hxg6 hxg6 32. Kh3 c5 33. Kg4 Ke6 34. Kg5 Kf7 35. c3 b5 36. b4 cxb4 37. cxb4 Kg7 38. d4 exd4 39. Kxf4 Kf6 40. Kg3 Ke5 41. Kf2 g5 42. Ke2 Kd6 43. Kd2 Ke6 44. Kc2 Kd6 45. Kd3 Ke5 46. a3 Kf4 47. Kxd4 Kxf3 48. e5 g4 49. e6 g3 50. e7 g2 51. e8=Q g1=Q+ 52. Kd5 Qd1+ 53. Kc6 Qc1+ 54. Kb6 Qxa3 55. Qa8+ Ke3 56. Qxa6 Qxb4 57. Qxb5 Qxb5+ 58. Kxb5 Kd4 1/2-1/2

[Event "1st Spring Festival Weekend 2021"]
[Site "Bassano del Grappa"]
[Date "2021.03.13"]
[Round "3.9"]
[White "Cappelletto, Joshuaede"]
[Black "Buzzatti, Francesco"]
[Result "1-0"]
[ECO "B56"]
[WhiteElo "2126"]
[BlackElo "1929"]
[Annotator "NA"]
[PlyCount "117"]
[EventDate "2021.03.12"]
[EventType "swiss"]
[EventCountry "ITA"]
[SourceTitle "playchess.com"]
[Source "ChessBase"]
[SourceQuality "1"]
[TimeControl "5400+30"]

1. e4 c5 2. Nf3 d6 3. d4 cxd4 4. Nxd4 Nf6 5. Nc3 e5 6. Bb5+ Nbd7 7. Nf5 a6 8. Bxd7+ Qxd7 9. Ne3 b5 10. a4 Bb7 11. axb5 axb5 12. Rxa8+ Bxa8 13. Qd3 Be7 $11 14. Ned5 Bxd5 15. Nxd5 Nxd5 16. Qxd5 O-O 17. O-O Rc8 18. c3 Rc5 19. Qd3 Rc8 20. Be3 Ra8 21. Qd5 Qe8 22. h3 g5 23. Rd1 Kg7 24. Kh2 Ra4 25. b4 h5 26. Qd2 Kg6 27. Qd5 Ra3 28. Rc1 Qa8 29. Qxb5 Qxe4 30. Qd7 Bf6 31. Qxd6 g4 32. Qd2 Ra8 33. Qc2 Kf5 34. c4 gxh3 35. Kxh3 Rg8 36. b5 Rg4 37. Qxe4+ Rxe4 38. b6 Bd8 39. b7 Rh4+ 40. Kg3 Rg4+ 41. Kh2 Bc7 42. Bb6 Bb8 43. Rd1 Rxc4 44. Rd7 e4+ 45. g3 f6 46. Rd5+ Kg4 47. Rd8 Be5 48. b8=Q Bxb8 49. Rxb8 Kf3 50. Rf8 Ke2 51. Rxf6 h4 52. gxh4 e3 53. Kg3 exf2 54. Rxf2+ Kd3 55. Rf3+ Ke2 56. Re3+ Kd2 57. Re6 Kd3 58. h5 Re4 59. Rxe4 1-0

[Event "1st Spring Festival Weekend 2021"]
[Site "Bassano del Grappa"]
[Date "2021.03.13"]
[Round "3.10"]
[White "Pegno, Mattia"]
[Black "Rindone, Andrea"]
[Result "1/2-1/2"]
[ECO "B92"]
[WhiteElo "1930"]
[BlackElo "2114"]
[Annotator "NA"]
[PlyCount "92"]
[EventDate "2021.03.12"]
[EventType "swiss"]
[EventCountry "ITA"]
[SourceTitle "playchess.com"]
[Source "ChessBase"]
[SourceQuality "1"]
[TimeControl "5400+30"]

1. e4 c5 2. Nf3 d6 3. d4 Nf6 4. Nc3 cxd4 5. Nxd4 a6 6. Be2 e5 7. Nb3 Be6 8. O-O Be7 9. Be3 O-O 10. Qd2 Nbd7 11. a4 Nb6 12. Na5 d5 $11 13. Bxb6 Qxb6 14. exd5 Rfd8 15. Nc4 Qc7 16. Qe3 Nxd5 17. Nxd5 Bxd5 18. Qxe5 Qc6 19. Qxe7 Re8 20. Ne5 Qxc2 21. Qd6 Rad8 22. Nd7 Qf5 23. Rfe1 Be6 24. Bd3 Qa5 25. Nf6+ gxf6 26. Qg3+ Qg5 27. Re3 Qxg3 28. hxg3 f5 29. Rae1 Kf8 30. f3 Bd7 31. a5 Rxe3 32. Rxe3 Be6 33. Kf2 Rd5 34. b4 Rd4 35. b5 axb5 36. Bxb5 Rd5 37. Bc4 Rxa5 38. Bxe6 fxe6 39. Rxe6 Rb5 40. Ke3 Kf7 41. Rh6 Kg7 42. Rd6 Rb4 43. Rd8 b5 44. Rd6 Kf7 45. Rb6 Kg7 46. Rc6 Kf7 1/2-1/2

[Event "1st Spring Festival Weekend 2021"]
[Site "Bassano del Grappa"]
[Date "2021.03.14"]
[Round "5.4"]
[White "Cappelletto, Joshuaede"]
[Black "Niemann, Hans Moke"]
[Result "0-1"]
[ECO "B33"]
[WhiteElo "2126"]
[BlackElo "2526"]
[Annotator "ChessBase"]
[PlyCount "63"]
[EventDate "2021.03.12"]
[EventType "swiss"]
[EventCountry "ITA"]
[SourceTitle "playchess.com"]
[Source "ChessBase"]
[SourceQuality "1"]
[TimeControl "5400+30"]

1. e4 c5 2. Nf3 Nc6 3. d4 cxd4 4. Nxd4 Nf6 5. Nc3 e5 6. Ndb5 d6 7. Nd5 Nxd5 8. exd5 Nb8 9. a4 Be7 10. Be2 O-O 11. Bd2 Nd7 12. a5 a6 13. Na3 f5 14. O-O e4 15. f4 exf3 16. Bxf3 Ne5 17. c4 Bf6 18. Rb1 g5 19. b4 Nxf3+ 20. Qxf3 f4 21. Kh1 Bf5 22. Rbe1 Be5 23. Qb3 Qf6 24. c5 Qf7 25. Bc1 Rae8 26. cxd6 Bg7 27. Qf3 Qg6 28. d7 Bxd7 29. Qb3 Qf7 30. Qc4 Rxe1 31. Rxe1 f3 32. Rd1 0-1

[Event "1st Spring Festival Weekend 2021"]
[Site "Bassano del Grappa"]
[Date "2021.03.14"]
[Round "5.5"]
[White "Solomon, Kenny"]
[Black "Yu, Jennifer"]
[Result "0-1"]
[ECO "C42"]
[WhiteElo "2357"]
[BlackElo "2275"]
[Annotator "ChessBase"]
[PlyCount "90"]
[EventDate "2021.03.12"]
[EventType "swiss"]
[EventCountry "ITA"]
[SourceTitle "playchess.com"]
[Source "ChessBase"]
[SourceQuality "1"]
[TimeControl "5400+30"]

1. e4 e5 2. Nf3 Nf6 3. Nxe5 d6 4. Nf3 Nxe4 5. d4 d5 6. Bd3 Nc6 7. O-O Be7 8. Re1 Bg4 9. c3 f5 10. Qb3 Rb8 11. Nbd2 Bxf3 12. Nxf3 O-O 13. c4 Bf6 14. Be3 Na5 15. Qa4 Nxc4 16. Bxc4 dxc4 17. Qxc4+ Kh8 18. Bf4 Rc8 19. Qb3 Bxd4 20. Nxd4 Qxd4 21. Be3 Qd6 22. Rad1 Qc6 23. Rc1 Qa6 24. Red1 f4 25. Bd4 f3 26. gxf3 Ng5 27. f4 Rxf4 28. Qg3 Qg6 29. Kf1 Rf7 30. Be3 Qa6+ 31. Kg2 Ne6 32. a3 h6 33. Rd6 cxd6 34. Rxc8+ Kh7 35. Qg4 Rf6 36. Qc4 b5 37. Qc6 Qa4 38. Qc2+ Rg6+ 39. Kf1 Qg4 40. Ke1 d5 41. Qe2 Qg1+ 42. Qf1 d4 43. Bc1 Qxh2 44. Qd3 Qg1+ 45. Ke2 Nf4+ 0-1

[Event "1st Spring Festival Weekend 2021"]
[Site "Bassano del Grappa"]
[Date "2021.03.14"]
[Round "5.6"]
[White "Martin Duque, Jesus"]
[Black "Gallana, Marco"]
[Result "1/2-1/2"]
[ECO "A11"]
[WhiteElo "2454"]
[BlackElo "2232"]
[Annotator "ChessBase"]
[PlyCount "113"]
[EventDate "2021.03.12"]
[EventType "swiss"]
[EventCountry "ITA"]
[SourceTitle "playchess.com"]
[Source "ChessBase"]
[SourceQuality "1"]
[TimeControl "5400+30"]

1. Nf3 Nf6 2. b3 d5 3. Bb2 g6 4. c4 c6 5. g3 Bg7 6. Bg2 O-O 7. O-O a5 8. Nc3 Ne4 9. Na4 Bxb2 10. Nxb2 Qd6 11. d3 Nf6 12. d4 Bf5 13. Nh4 Bc8 14. e3 Nbd7 15. Nf3 e5 16. cxd5 e4 17. Nc4 Qb8 18. Ng5 cxd5 19. Nd2 b6 20. f3 Ba6 21. Rf2 exf3 22. Qxf3 Qd6 23. e4 dxe4 24. Ndxe4 Nxe4 25. Nxe4 Qe7 26. Nf6+ Nxf6 27. Qxf6 Qxf6 28. Rxf6 Rab8 29. Rc1 Rfc8 30. Rxc8+ Rxc8 31. Bc6 Rd8 32. d5 Bc8 33. a4 Kg7 34. Rf4 Bf5 35. b4 Bd7 36. b5 Bf5 37. Kf2 Bc2 38. Ke3 f5 39. Kd4 Kf6 40. Rf2 Bxa4 41. Re2 Bb3 42. Re6+ Kf7 43. Bb7 Rb8 44. Rxb6 a4 45. Kc3 Kf8 46. d6 Bd5 47. d7 Ke7 48. d8=Q+ Kxd8 49. Rd6+ Kc7 50. Rxd5 Rxb7 51. Kb4 Ra7 52. Re5 a3 53. Re7+ Kb6 54. Re6+ Kb7 55. Re7+ Kb6 56. Re6+ Kb7 57. Re7+ 1/2-1/2

[Event "1st Spring Festival Weekend 2021"]
[Site "Bassano del Grappa"]
[Date "2021.03.14"]
[Round "5.7"]
[White "Shetty, Atulya"]
[Black "Brotto, Alessandro"]
[Result "1-0"]
[ECO "A20"]
[WhiteElo "2447"]
[BlackElo "1970"]
[Annotator "ChessBase"]
[PlyCount "53"]
[EventDate "2021.03.12"]
[EventType "swiss"]
[EventCountry "ITA"]
[SourceTitle "playchess.com"]
[Source "ChessBase"]
[SourceQuality "1"]
[TimeControl "5400+30"]

1. c4 e5 2. g3 Nf6 3. Bg2 c6 4. d4 exd4 5. Qxd4 Qa5+ 6. Nc3 Bc5 7. Qe5+ Kd8 8. Qg5 Bb4 9. Qd2 Re8 10. Qc2 d6 11. Nf3 Bf5 12. Qb3 Nbd7 13. O-O Bxc3 14. bxc3 Nc5 15. Qb2 Nfe4 16. Nd4 Bg6 17. f3 Nf6 18. e4 Nfd7 19. Nb3 Qa4 20. Rd1 Kc7 21. Bf4 Ne5 22. Qd2 Ncd3 23. Bxe5 Nxe5 24. Qxd6+ Kb6 25. c5+ Ka6 26. Rd4 Qa3 27. Bf1+ 1-0

[Event "1st Spring Festival Weekend 2021"]
[Site "Bassano del Grappa"]
[Date "2021.03.14"]
[Round "5.8"]
[White "Gola, Giorgio"]
[Black "Bardone, Lorenzo"]
[Result "0-1"]
[ECO "B48"]
[WhiteElo "1849"]
[BlackElo "2174"]
[Annotator "NA"]
[PlyCount "72"]
[EventDate "2021.03.12"]
[EventType "swiss"]
[EventCountry "ITA"]
[SourceTitle "playchess.com"]
[Source "ChessBase"]
[SourceQuality "1"]
[TimeControl "5400+30"]

1. e4 c5 2. Nf3 e6 3. d4 cxd4 4. Nxd4 Nc6 5. Nc3 Qc7 6. Be3 a6 7. Qf3 Bd6 8. Nxc6 bxc6 9. Bd3 Be5 10. Bd2 Nf6 11. h3 d5 12. O-O Rb8 (12... O-O $15) 13. Rab1 O-O 14. Rfe1 d4 15. Ne2 c5 16. c3 (16. b3 $11) 16... c4 17. cxd4 Bh2+ 18. Kh1 cxd3 19. Nc3 Rd8 20. Bg5 Rxd4 21. g3 {[%emt 0:04:00] [#]} (21. Bxf6 {keeps fighting.} gxf6 22. g3) 21... Bxg3 $1 22. fxg3 $2 (22. Bxf6 Be5 23. Rg1) 22... Nd7 $17 (22... d2 $19 23. Rf1 {[#]} Nxe4 $1 ) 23. Qf2 Qd6 24. Bf4 e5 25. Be3 Rc4 26. Bd2 Bb7 27. b3 Rc7 28. Kh2 Rbc8 29. Rbc1 Nf6 30. Qf3 Qd4 31. Re3 Rxc3 32. Rxc3 Rxc3 33. Bxc3 Qxc3 34. Rxd3 Qc2+ 35. Kg1 Kf8 36. Qe3 Nxe4 0-1

[Event "1st Spring Festival Weekend 2021"]
[Site "Bassano del Grappa"]
[Date "2021.03.14"]
[Round "5.9"]
[White "Ghiotto, Marco Luigi"]
[Black "Gruden, Matej"]
[Result "1-0"]
[ECO "B30"]
[WhiteElo "2167"]
[BlackElo "1802"]
[Annotator "NA"]
[PlyCount "57"]
[EventDate "2021.03.12"]
[EventType "swiss"]
[EventCountry "ITA"]
[SourceTitle "playchess.com"]
[Source "ChessBase"]
[SourceQuality "1"]
[TimeControl "5400+30"]

1. e4 c5 2. Nf3 Nc6 3. Bb5 Na5 4. c3 e6 5. d4 a6 6. Bd3 cxd4 7. cxd4 Bb4+ 8. Bd2 Bxd2+ 9. Nbxd2 Ne7 10. O-O d6 11. Qe2 Ng6 12. d5 Nf4 13. Qe3 Nxd3 14. Qxd3 Bd7 {[%emt 0:04:38] [#]} 15. b4 $1 Bb5 {[%emt 0:01:18] [#]} 16. Qc3 $1 Bxf1 (16... O-O {keeps fighting.}) 17. Nxf1 $2 ({Less strong is} 17. Rxf1 O-O $16) (17. Qxg7 Ke7 18. Rxf1) 17... e5 (17... O-O $16) 18. bxa5 Rc8 19. Qb4 O-O 20. Ne3 Rc5 21. Qxb7 Qxa5 22. Nf5 Rc7 $18 23. Qb2 Rd8 24. Nxd6 Qa4 25. Qxe5 Qa3 26. Nf5 Rc1+ 27. Ne1 Kf8 28. Rxc1 Qxc1 29. Qe7+ 1-0

[Event "1st Spring Festival Weekend 2021"]
[Site "Bassano del Grappa"]
[Date "2021.03.14"]
[Round "5.10"]
[White "Cacinschi, Alexandru"]
[Black "Hercegovac, Neven"]
[Result "0-1"]
[ECO "A37"]
[WhiteElo "2097"]
[BlackElo "1975"]
[Annotator "NA"]
[PlyCount "64"]
[EventDate "2021.03.12"]
[EventType "swiss"]
[EventCountry "ITA"]
[SourceTitle "playchess.com"]
[Source "ChessBase"]
[SourceQuality "1"]
[TimeControl "5400+30"]

1. c4 c5 2. Nc3 Nc6 3. g3 g6 4. Bg2 Bg7 5. Nf3 e6 6. d3 Nge7 7. h4 h6 8. Bf4 d5 9. cxd5 Nxd5 10. Bd2 b6 11. O-O O-O 12. Nxd5 exd5 13. Bc3 d4 14. Bd2 Bb7 15. a3 a5 16. Qc1 Kh7 17. a4 Qd7 18. Bf4 Rfe8 19. Re1 Nb4 20. Bd2 Nd5 21. Qc2 Rad8 22. Qb3 Bc6 23. Nh2 Qb7 24. Rac1 Re7 $17 25. e4 dxe3 26. fxe3 Nb4 27. Bxc6 Nxc6 28. Bc3 Rxd3 29. Qb5 Rdxe3 30. Rxe3 Rxe3 31. Nf1 Nd4 32. Qc4 Re2 0-1